 Dungeon Crawl Stone Soup version 0.20.0-7-g3b7b877 (webtiles) character file.

912 Rrauwl the Vandal (level 8, -3/52 HPs)
             Began as a Halfling Assassin on May 29, 2017.
             Slain by an ice beast (12 damage)
             ... on level 5 of the Dungeon.
             The game lasted 00:19:58 (4605 turns).

Rrauwl the Vandal (Halfling Assassin)               Turns: 4605, Time: 00:19:58

Health: -3/52      AC: 17    Str: 14    XL:     8   Next: 30%
Magic:  8/8        EV:  8    Int:  9    God:
Gold:   282        SH:  5    Dex: 16    Spells: 7/7 levels left

rFire    . . .     SeeInvis .   a - +0 hand axe
rCold    . . .     Gourm    .   s - +0 buckler
rNeg     . . .     Faith    .   p - +3 chain mail {rPois}
rPois    +         Spirit   .   (no helmet)
rElec    .         Reflect  .   d - +0 cloak
rCorr    .         Harm     .   (no gloves)
MR       .....                  i - +2 pair of boots
Stlth    ..........             (no amulet)
Regen    0.2/turn               (no ring)
MPRegen  0.2/turn               (no ring)

@: no status effects
A: icy blue scales 1, mutation resistance 1
a: no special abilities


You were on level 5 of the Dungeon.
You were not hungry.

You visited 1 branch of the dungeon, and saw 6 of its levels.

You collected 282 gold pieces.

Inventory:

Hand Weapons
 a - a +0 hand axe (weapon)
 b - a +0 hunting sling
 c - a +0 blowgun
 r - a +2 whip of venom
Missiles
 e - 14 poisoned needles
 f - 2 curare-tipped needles
 j - 87 sling bullets
 k - 294 stones (quivered)
Armour
 d - a +0 cloak (worn)
 i - a +2 pair of boots (worn)
 p - a +3 chain mail of poison resistance (worn)
 s - a +0 buckler (worn)
Scrolls
 h - 4 scrolls of identify
 l - a scroll of blinking
 m - a scroll of enchant armour
 q - 3 scrolls of remove curse
 t - 2 scrolls of recharging
 u - a scroll of fear
Potions
 w - a potion of mutation
Comestibles
 g - 6 bread rations
 n - 2 meat rations
 o - a royal jelly


   Skills:
 + Level 3.1 Fighting
   Level 2.4 Short Blades
 + Level 5.9 Axes
 + Level 6.3(6.6) Slings
 - Level 2.0(3.4) Throwing
 + Level 2.1 Armour
 - Level 2.1 Dodging
 - Level 4.3 Stealth
 + Level 2.1 Shields


You had 7 spell levels left.
You didn't know any spells.

Dungeon Overview and Level Annotations

Branches:
Dungeon (6/15)
 Temple: D:4-7

Altars:
Cheibriados
Kikubaaqudgha
Okawaru
The Shining One

Annotations:
D:5 Nightblair's ghost, novice HOFi; Prince Ribbit


Innate Abilities, Weirdness & Mutations

You are small and have problems with some larger weapons.
You are somewhat resistant to further mutation.
You are partially covered in icy blue scales. (AC +2)


Message History

Your chain mail prevents you from hitting the ice beast.
You hit the kobold.
The ice beast hits you but does no damage.
The kobold barely misses you. You block the kobold's attack.
Unknown command.
You feel better. The ice beast barely misses you.
The kobold closely misses you. The kobold barely misses you.
You hit the kobold.
The kobold is heavily wounded.
You hit the ice beast. You barely miss the kobold.
The ice beast barely misses you. The kobold hits you with a club.
* * * LOW HITPOINT WARNING * * *
Unknown command.
You hit the kobold.
You kill the kobold!
You closely miss the kobold. You hit the ice beast but do no damage.
The ice beast hits you.
* * * LOW HITPOINT WARNING * * *
The ice beast freezes you!
You die...

###### ##### #######
#....# ......#@Y...##
#....# ....K.)K)....#
###....#########..?....#
.#......# ........#
.'......+ ........(+
.#......# ..........#
###....## ####.......#
..#.†..# '......##
..#....# #.....##


You could see an ice beast and 2 kobolds.

Vanquished Creatures
  Edmund (D:3)
  A sky beast (D:5)
  A phantom (D:3)
  A centaur (D:5)
  2 howler monkeys (D:5)
  An orc priest (D:4)
  2 hounds (D:5)
  2 orc wizards (D:4)
  Natasha (twice) (D:4)
  3 worker ants
  A gnoll (D:1)
  7 adders
  2 worms
  2 dart slugs
  4 leopard geckos
  9 orcs
  6 bats
  5 giant cockroaches
  9 goblins
  8 hobgoblins
  13 jackals
  3 quokkas (D:3)
  A ball python (D:1)
  5 frilled lizards
  22 kobolds
  A quokka zombie (D:5)
  5 rats
119 creatures vanquished.

Notes
Turn   | Place    | Note
-------+----------+-------------------------------------------
     0 | D:1      | Rrauwl the Halfling Assassin began the quest for the Orb.
     0 | D:1      | Reached XP level 1. HP: 14/14 MP: 1/1
   202 | D:1      | Gained mutation: You are partially covered in icy blue scales. (AC +2) [potion of mutation]
   314 | D:1      | Reached skill level 1 in Axes
   314 | D:1      | Reached XP level 2. HP: 19/19 MP: 2/2
   769 | D:1      | Reached XP level 3. HP: 24/24 MP: 3/3
  1063 | D:2      | Reached XP level 4. HP: 23/29 MP: 4/4
  1577 | D:3      | Reached skill level 1 in Slings
  1657 | D:3      | Reached XP level 5. HP: 34/34 MP: 5/5
  1873 | D:3      | Reached skill level 2 in Slings
  2378 | D:4      | Noticed a phantom
  2426 | D:4      | Noticed Natasha
  2435 | D:4      | Killed Natasha
  2435 | D:4      | Reached skill level 3 in Slings
  2444 | D:4      | Noticed Edmund
  2821 | D:3      | Killed Edmund
  2821 | D:3      | Reached skill level 5 in Axes
  2821 | D:3      | Reached skill level 4 in Slings
  2821 | D:3      | Reached XP level 6. HP: 29/39 MP: 6/6
  3035 | D:3      | Killed a phantom
  3035 | D:3      | Reached skill level 5 in Slings
  3035 | D:3      | Reached XP level 7. HP: 36/45 MP: 7/7
  3301 | D:4      | Noticed Natasha
  3304 | D:4      | Killed Natasha
  3536 | D:4      | Found a snail-covered altar of Cheibriados.
  3629 | D:5      | Entered Level 5 of the Dungeon
  3629 | D:5      | Found an ancient bone altar of Kikubaaqudgha.
  3630 | D:5      | Found an iron altar of Okawaru.
  3639 | D:5      | Reached skill level 1 in Armour
  3639 | D:5      | Reached skill level 1 in Shields
  3640 | D:5      | Found a glowing golden altar of the Shining One.
  4051 | D:5      | Reached XP level 8. HP: 43/51 MP: 8/8
  4086 | D:5      | Noticed Nightblair's ghost (novice HOFi)
  4201 | D:5      | Reached skill level 6 in Slings
  4494 | D:5      | Noticed Prince Ribbit
  4605 | D:5      | Slain by an ice beast

Skill      XL: |  1  2  3  4  5  6  7  8 |
---------------+-------------------------+-----
Fighting       | 2 3 |  3.1
Axes           | 1 2 3 5 |  5.9
Slings         | 1 4 5 6 |  6.3
Armour         | 1 2 |  2.1
Shields        | 1 2 |  2.1
Dodging        | 2 |  2.1
Short Blades   | |  2.4
Throwing       | |  2.0
Stealth        | |  4.3

Action                   |  1- 3 |  4- 6 |  7- 9 || total
-------------------------+-------+-------+-------++-------
Melee: Hand axe          |   119 |   156 |    47 ||   322
       Whip              |       |   100 |    33 ||   133
 Fire: Hunting sling     |       |       |    86 ||    86
  Use: Potion            |     3 |     3 |     3 ||     9
       Scroll            |     3 |     3 |     8 ||    14
 Stab: Sleeping          |     1 |     4 |       ||     5
  Eat: Chunk             |     1 |     6 |     2 ||     9
       Fruit             |       |       |     4 ||     4
Armor: Ring mail         |    52 |    78 |       ||   130
       Robe              |     3 |       |       ||     3
       Leather armour    |     1 |       |       ||     1
       Chain mail        |       |    39 |   100 ||   139
Dodge: Dodged            |    87 |   127 |    69 ||   283
Block: Buckler           |       |    40 |    33 ||    73
